 Dungeon Crawl Stone Soup version 0.20-a0-984-ge8aa303 (webtiles) character file.

155 inmateoo the Shield-Bearer (level 5, -1/42 HPs)
             Began as a Formicid Fighter on Apr 10, 2017.
             Slain by Grinder (4 damage)
             ... on level 3 of the Dungeon.
             The game lasted 00:03:26 (2390 turns).

inmateoo the Shield-Bearer (Formicid Fighter)       Turns: 2390, Time: 00:03:27

Health: -1/42      AC: 12    Str: 22    XL:     5   Next: 63%
Magic:  5/5        EV:  8    Int:  7    God:
Gold:   138        SH:  9    Dex: 10    Spells: 4/4 levels left

rFire    . . .     SeeInvis +   a - +0 war axe
rCold    + . .     Gourm    +   c - +0 shield
rNeg     . . .     Faith    .   n - +0 scale mail {rC+}
rPois    .         Spirit   .   (helmet unavailable)
rElec    .         Reflect  .   g - +1 cloak
rCorr    .         Harm     .   (no gloves)
MR       .....                  (no boots)
Stlth    ..........             j - amulet of the gourmand
Regen    0.2/turn               h - +3 ring of protection
MPRegen  0.1/turn               (no ring)

@: no status effects
A: permanent stasis, dig shafts and tunnels, four strong arms, antennae 3
a: Dig, Shaft Self


You were on level 3 of the Dungeon.
You were not hungry.

You visited 1 branch of the dungeon, and saw 3 of its levels.

You collected 138 gold pieces.

Inventory:

Hand Weapons
 a - a +0 war axe (weapon)
Armour
 c - a +0 shield (worn)
 g - a +1 cloak (worn)
 n - a +0 scale mail of cold resistance (worn)
Jewellery
 h - a +3 ring of protection (left hand)
 j - an amulet of the gourmand (around neck)
Scrolls
 b - a scroll of amnesia
Potions
 d - a potion of might
 e - 2 potions of cancellation
 k - a potion of lignification
 l - a potion of mutation {unknown}
 m - a potion of invisibility {unknown}
 r - a potion of curing
Comestibles
 f - 2 bread rations
 o - a royal jelly
 p - 3 meat rations


   Skills:
 + Level 4.2 Fighting
 * Level 3.5 Axes
 + Level 4.1 Armour
 + Level 4.4 Shields


You had 4 spell levels left.
You didn't know any spells.

Dungeon Overview and Level Annotations

Branches:
Dungeon (3/15)

Altars:
Kikubaaqudgha
Yredelemnul

Annotations:
D:3 Grinder


Innate Abilities, Weirdness & Mutations

You cannot be hasted, slowed, berserked, paralysed or teleported.
You can dig through walls and to a lower floor.
Your four strong arms can wield two-handed weapons with a shield.
You have a pair of large antennae on your head. (SInv)


Message History

Grinder is moderately wounded.
You feel sick.
You are no longer poisoned.
Grinder hits you but does no damage.
You hit Grinder.
Grinder is moderately wounded.
Grinder gestures at you. Pain shoots through your body!
* * * LOW HITPOINT WARNING * * *
You slash Grinder!
Grinder is heavily wounded.
Grinder barely misses you.
Grinder drinks a potion.
Grinder is healed!
You slash Grinder!
Grinder is almost dead.
You closely miss Grinder.
Grinder is almost dead.
Grinder closely misses you. Grinder hits you!
* * * LOW HITPOINT WARNING * * *
You writhe in agony.
You die...

#.####.......###.####..#,*
#.......(.....##.......#,*
#..####.(..............#,*
*,,*
#(####...........#,###
*,,* #(# ##.##.......#,...
*,,* ##.# #.########)#*###
*,,* #.)#####,# #.# *,,*
#.#.#5##,* #.# *,,*
#.##.#@#,* #.#
*,,**#.*#####,*#######.#
*,,,,..******,*#.......#
*,,,,..,,,,,,,*#.#######
*,,*###********#.# *,,*
#.# *,,* #.# ******** *,>*
#.# *,,,,,.. *,,* #.#
*,***#..


You could see Grinder.

Vanquished Creatures
  5 adders
  An ooze (D:3)
  5 dart slugs
  2 worms (D:2)
  2 leopard geckos
  5 orcs (D:3)
  2 ball pythons
  8 bats
  6 giant cockroaches
  9 goblins
  7 hobgoblins
  7 jackals (D:1)
  2 quokkas (D:2)
  7 frilled lizards
  3 kobolds
  8 rats
  A spectral orc (D:2)
80 creatures vanquished.

Notes
Turn   | Place    | Note
-------+----------+-------------------------------------------
     0 | D:1      | inmateoo the Formicid Fighter began the quest for the Orb.
     0 | D:1      | Reached XP level 1. HP: 18/18 MP: 1/1
    78 | D:1      | Reached XP level 2. HP: 21/24 MP: 2/2
   232 | D:1      | Reached XP level 3. HP: 29/29 MP: 3/3
   832 | D:2      | Found a basalt altar of Yredelemnul.
   836 | D:2      | Reached XP level 4. HP: 37/37 MP: 4/4
  1722 | D:2      | Reached XP level 5. HP: 42/42 MP: 5/5
  1767 | D:2      | Found an ancient bone altar of Kikubaaqudgha.
  2369 | D:3      | Noticed Grinder
  2390 | D:3      | Slain by Grinder

Vault maps used:
D:1:      dpeg_arrival_leaves_temple_mockup, st_stairs_3
D:2:      lemuel_zombie_altar_kikubaaqudgha, yredelemnul_forgotten_temple_becter
D:3:      first_bread, uniq_grinder

Skill      XL: |  1  2  3  4  5 |
---------------+----------------+-----
Shields        | 4 |  4.4
Fighting       | 4 |  4.2
Axes           | 3 |  3.5
Armour         | 4 |  4.1

Action                   |  1- 3 |  4- 6 || total
-------------------------+-------+-------++-------
Melee: War axe           |    77 |   144 ||   221
 Abil: Dig               |       |     3 ||     3
  Use: Scroll            |     4 |     5 ||     9
  Eat: Chunk             |       |    10 ||    10
Armor: Scale mail        |    41 |    58 ||    99
Dodge: Dodged            |    31 |    45 ||    76
Block: Shield            |    59 |    75 ||   134
